 Dungeon Crawl Stone Soup version 0.28.0-45-g0d030f2227 (webtiles) character file.

Game seed: 521972047926017088

60 pkoi the Conjurer (level 3, -2/26 HPs)
             Began as a Demigod Conjurer on Apr 18, 2022.
             Slain by an iguana (5 damage)
             ... on level 2 of the Dungeon.
             The game lasted 00:02:28 (2446 turns).

pkoi the Conjurer (Demigod Conjurer)                Turns: 2446, Time: 00:02:29

Health: -2/26      AC:  4    Str:  5 (8)  XL:     3   Next: 57%
Magic:  1/8        EV: 12    Int: 22 (24) God:
Gold:   98         SH:  0    Dex:  9 (12) Spells: 2/5 levels left

rFire   . . .      SeeInvis .   e - +0 whip
rCold   . . .      Faith    .   (no shield)
rNeg    . . .      Spirit   .   a - +0 robe
rPois   .          Reflect  .   d - +0 helmet
rElec   .          Harm     .   (no cloak)
rCorr   .          Rampage  .   i - +0 pair of gloves
Will    .....                   (no boots)
Stlth   ++........              (no amulet)
HPRegen 0.08/turn               (no ring)
MPRegen 0.11/turn               (no ring)

@: no status effects
A: high MP 1, forlorn, divine attributes
a: no special abilities


You were on level 2 of the Dungeon.
You visited 1 branch of the dungeon, and saw 2 of its levels.

You collected 98 gold pieces.

Inventory:

Hand Weapons
 e - a +0 whip (weapon)
Armour
 a - a +0 robe (worn)
 d - a +0 helmet (worn)
 i - a +0 pair of gloves (worn)
 l - a +3 leather armour
Scrolls
 c - a scroll of enchant armour {unknown}
 f - a scroll of holy word {unknown}
 j - a scroll of immolation {unknown}
 k - a scroll of identify {unknown}
Potions
 b - a potion of degeneration
 g - a potion of brilliance {unknown}
 h - a potion of might {unknown}


   Skills:
 - Level 1.7 Dodging
 - Level 1.7 Stealth
 - Level 1.7 Spellcasting
 + Level 5.0 Conjurations


You had 2 spell levels left.
You knew the following spells:

 Your Spells              Type           Power      Damage    Failure   Level
a - Magic Dart            Conj           96%        1d7       1%          1
b - Searing Ray           Conj           48%        2d6       2%          2

Your spell library contained the following spells:

 Spells                   Type           Power      Damage    Failure   Level
 Ensorcelled Hibernation  Hex/Ice        2%         N/A       22%         2
 Dazzling Flash           Conj/Hex       26%        N/A       16%         3
 Spider Form              Tmut/Pois      1%         N/A       38%         3
 Fulminant Prism          Conj/Hex       6%         3d7       45%         4
 Iskenderun's Mystic Bla  Conj/Tloc      13%        2d5       45%         4
 Anguish                  Hex/Necr       0%         N/A       80%         4


Dungeon Overview and Level Annotations

Branches:
Dungeon (2/15)


Innate Abilities, Weirdness & Mutations

You have an increased reservoir of magic. (+10% MP)
You shall have no god before yourself.
Your divine heritage dramatically boosts your attributes as you level up.


Message History

You closely miss the iguana.
The iguana is heavily wounded.
The iguana closely misses you.
You closely miss the iguana.
The iguana is heavily wounded.
The iguana bites you!
* * * LOW HITPOINT WARNING * * *
Casting: Magic Dart (safe; 1% risk of failure)
Confirm with . or Enter, or press ? or * to list all spells.
Aiming: Searing Ray (safe; 2% risk of failure)
Press: ? - help, Shift-Dir - straight line, f/p - iguana
Aim: an iguana (moderately wounded, 82% to hit)
The searing ray hits the iguana.
The iguana is moderately wounded. (Press . to maintain the ray.)
The iguana bites you.
* * * LOW HITPOINT WARNING * * *
The searing ray hits the iguana!
The iguana is severely wounded.
The iguana bites you but does no damage.
Unknown command.
The searing ray hits the iguana but does no damage.
The iguana is severely wounded.
The iguana bites you!
* * * LOW HITPOINT WARNING * * *
Unknown command.
Aiming: Magic Dart (safe; 1% risk of failure)
Press: ? - help, Q - select action, (/) - cycle Shift-Dir - straight line, f/p - iguana
Aim: an iguana (severely wounded, 100% to hit)
The magic dart hits the iguana but does no damage.
The iguana is severely wounded.
The iguana bites you.
* * * LOW HITPOINT WARNING * * *
You aren't carrying any items that you can evoke.
Unknown command.
It was a potion of degeneration.
There was something very wrong with that liquid.
You feel weakened.
You feel dopey.
You feel clumsy. The iguana bites you.
You die...

.#.###.##.# ##.## #.#
##. .#.###....#####.).#
#.# #.
.#................####.#
#.
..(....................#
#.
....####.#######.#######
#. ..<..###.#######.# #.
<.............##.# #.
.....##.#####.##.# #.
#... #.# #.##@########
#. ##. #.# #...l.......#
## # #.# #...#######.# #
#.# #...# #.# ### #.#
##...#######.# #.. #.#
#..........#.# #..
##...#####.#.# #.. ##..#
#.#.# ##. #..#####.#.#
#.


You could see an iguana.

Vanquished Creatures
  An adder (D:2)
  A worm (D:2)
  A dart slug (D:1)
  5 ball pythons
  8 endoplasms
  3 giant cockroaches (D:2)
  6 goblins
  2 hobgoblins (D:2)
  4 jackals (D:1)
  A quokka (D:1)
  2 bats
  2 frilled lizards
  2 kobolds (D:1)
  2 rats
40 creatures vanquished.

Notes
Turn   | Place    | Note
-------+----------+-------------------------------------------
     0 | D:1      | pkoi the Demigod Conjurer began the quest for the Orb.
     0 | D:1      | Reached XP level 1. HP: 14/14 MP: 5/5
   246 | D:1      | Reached skill level 4 in Conjurations
   303 | D:1      | Reached XP level 2. HP: 20/20 MP: 2/7
   970 | D:1      | Learned a level 2 spell: Searing Ray
  1514 | D:2      | Reached XP level 3. HP: 26/26 MP: 5/8
  2073 | D:2      | Reached skill level 5 in Conjurations
  2446 | D:2      | Slain by an iguana

Illustrated notes

Levels and vault maps discovered:
D:1:      heliophobic_arrival_ceremonial_halls, layout_loops_ring
D:2:      layout_loops_ring, ebering_ecumenical_altar_webs,
          kennysheep_generic_room_3

Skill      XL: |  1  2  3 |
---------------+----------+-----
Conjurations   | 4 5 |  5.0
Dodging        | |  1.7
Stealth        | |  1.7
Spellcasting   | |  1.7

Action                   || total
-------------------------++-------
Melee: Whip              ||     9
 Cast: Magic Dart        ||    91
       Searing Ray       ||     1
  Use: Potion            ||     1
Armor: Robe              ||     7
Dodge: Dodged            ||    19
